 Dungeon Crawl Stone Soup version 0.22.0-36-g8e74550 (webtiles) character file.

205 Marcoleric the Slinger (level 6, -3/58 HPs)
             Began as a Halfling Hunter on Aug 24, 2018.
             Was a Believer of Lugonu.
             Slain by an orc priest
             ... wielding a +0 flail
              (5 damage)
             ... on level 4 of the Dungeon.
             The game lasted 00:19:13 (3355 turns).

Marcoleric the Slinger (Halfling Hunter)            Turns: 3355, Time: 00:19:13

Health: -3/58      AC:  4    Str: 18    XL:     6   Next: 10%
Magic:  6/6        EV: 15    Int:  9    God:    Lugonu [**....]
Gold:   162        SH:  0    Dex: 17    Spells: 5/5 levels left

rFire    + . .     SeeInvis .   n - +6 long sword "Umitenat" {elec, +Blink rElec rC+}
rCold    + + .     Gourm    .   (shield restricted)
rNeg     . . .     Faith    .   c - +1 leather armour
rPois    .         Spirit   .   (no helmet)
rElec    +         Reflect  .   k - scarf {rC+ rF+}
rCorr    .         Harm     .   (no gloves)
MR       .....                  (no boots)
Stlth    ..........             (no amulet)
HPRegen  0.19/turn              (no ring)
MPRegen  0.10/turn              (no ring)

@: berserking (expiring), very quick
A: small, mutation resistance 1
a: Depart the Abyss, Bend Space, Renounce Religion, Evoke Blink


You were on level 4 of the Dungeon.
You worshipped Lugonu.
Lugonu was pleased with you.
You were not hungry.

You visited 1 branch of the dungeon, and saw 4 of its levels.

You collected 162 gold pieces.

Inventory:

Hand Weapons
 a - a +1 hunting sling
 b - a +0 short sword
 n - the +6 long sword "Umitenat" (weapon) {elec, +Blink rElec rC+}
   (You found it on level 3 of the Dungeon)

   Occasionally, upon striking a foe, it will discharge some electrical energy
   and cause terrible harm.
   It protects you from cold.
   It insulates you from electricity.
   It lets you blink.
Missiles
 d - 2 sling bullets
 g - 51 stones (quivered)
 v - 45 arrows
Armour
 c - a +1 leather armour (worn)
 i - a +0 pair of boots
 k - a scarf of resistance (worn)
 u - a +0 robe
Magical Staves
 o - an uncursed staff of death {unknown}
Jewellery
 l - an uncursed ring of see invisible {unknown}
Scrolls
 p - 2 scrolls of remove curse
 q - a scroll of random uselessness
Potions
 e - a potion of haste
 j - 2 potions of brilliance
 m - 2 potions of curing
 t - a potion of agility
Comestibles
 f - 2 rations


   Skills:
 + Level 2.2 Fighting
 + Level 0.7 Short Blades
 + Level 9.0 Slings
 + Level 1.3 Armour
 + Level 2.5 Dodging
 + Level 1.3 Stealth
 + Level 0.3 Invocations


You had 5 spell levels left.
You didn't know any spells.
Your spell library contained the following spells:

 Spells                   Type           Power        Failure   Level  Hunger
 Leda's Liquefaction      Hex/Erth       #.........   99%         4    #####..
 Bolt of Magma            Conj/Fire/Erth #.........   100%        5    ######.
 Iron Shot                Conj/Erth      #.........   100%        6    #######
 Statue Form              Tmut/Erth      #........    100%        6    #######
 Shatter                  Erth           #.........   100%        9    #######


Dungeon Overview and Level Annotations

Branches:
Dungeon (4/15)
 Temple: D:4-7

Altars:
Ashenzari
Kikubaaqudgha
Okawaru
Yredelemnul
Lugonu

Annotations:
D:3 Menkaure


Innate Abilities, Weirdness & Mutations

You are small and have problems with some larger weapons.
You are somewhat resistant to further mutation.


Message History

The orc barely misses you.
You riposte.
You slash the orc!
You kill the orc!
Lugonu accepts your kill.
You closely miss the orc. The orc misses you.
You barely miss the orc. The orc closely misses you.
You riposte.
You barely miss the orc. You hit the orc.
The orc is moderately wounded.
The orc hits you but does no damage. x2; The orc priest hits you with a flail.
* * * LOW HITPOINT WARNING * * *
Unknown command.
You closely miss the orc.
The orc is moderately wounded.
The orc misses you.
You riposte.
You barely miss the orc.
The orc is moderately wounded.
The orc hits you but does no damage.
You closely miss the orc.
The orc is moderately wounded.
The orc priest hits you with a flail.
You die...

P. P. P. ##.
#$.#### #.....#
#.....# #...o@#
### #...oo#
....
#.....##.....
.##....(..o....
........#=.....
.##.#.#.##.....
#.#.#.# ..... #
#...# ....
#.##>.# ###


You could see an orc priest and 2 orcs.

Vanquished Creatures
  An orc priest (D:3)
  A jelly (D:3)
  Jessica (D:2)
  2 adders (D:2)
  An adder skeleton (D:3)
  A worm (D:2)
  4 dart slugs (D:1)
  2 leopard geckos
  5 orcs
  9 bats
  3 giant cockroaches (D:1)
  6 goblins
  7 hobgoblins
  13 jackals
  8 kobolds
  2 quokkas (D:2)
  A ball python (D:1)
  5 frilled lizards
  7 rats
79 creatures vanquished.

Notes
Turn   | Place    | Note
-------+----------+-------------------------------------------
     0 | D:1      | Marcoleric the Halfling Hunter began the quest for the Orb.
     0 | D:1      | Reached XP level 1. HP: 14/14 MP: 1/1
    13 | D:1      | Reached skill level 6 in Slings
    97 | D:1      | Reached XP level 2. HP: 17/19 MP: 2/2
   203 | D:1      | Reached XP level 3. HP: 24/24 MP: 3/3
   264 | D:1      | Reached skill level 7 in Slings
  1094 | D:2      | Reached XP level 4. HP: 29/29 MP: 4/4
  1167 | D:2      | Found a faded altar of an unknown god.
  1190 | D:2      | Became a worshipper of Lugonu the Unformed
  1190 | D:2      | Reached * piety under Lugonu
  1190 | D:2      | Reached ** piety under Lugonu
  1234 | D:2      | Found a shattered altar of Ashenzari.
  1779 | D:2      | Noticed Jessica
  1785 | D:2      | Reached skill level 8 in Slings
  1786 | D:2      | Killed Jessica
  1786 | D:2      | Reached XP level 5. HP: 24/34 MP: 5/5
  2012 | D:3      | Reached skill level 1 in Armour
  2260 | D:3      | Found a transporter.
  2269 | D:3      | Noticed Menkaure
  2270 | D:3      | Found an ancient bone altar of Kikubaaqudgha.
  2270 | D:3      | Found a basalt altar of Yredelemnul.
  2288 | D:3      | Reached XP level 6. HP: 21/39 MP: 6/6
  2292 | D:3      | Reached skill level 9 in Slings
  2400 | D:3      | Found an iron altar of Okawaru.
  3290 | D:3      | Found a transporter.
  3295 | D:3      | Got an ichor-stained long sword
  3332 | D:4      | Identified the +6 long sword "Umitenat" {elec, +Blink rElec rC+} (You found it on level 3 of the Dungeon)
  3353 | D:4      | HP: 1/58 [orc priest/flail (4)]
  3355 | D:4      | Slain by an orc priest

Skill      XL: |  1  2  3  4  5  6 |
---------------+-------------------+-----
Slings         | 6 7 8 9 |  9.0
Fighting       | 2 |  2.2
Armour         | 1 |  1.3
Short Blades   | |  0.7
Dodging        | |  2.5
Stealth        | |  1.3
Invocations    | |  0.3

Action                   |  1- 3 |  4- 6 || total
-------------------------+-------+-------++-------
Melee: Short sword       |    10 |       ||    10
       Long sword        |       |     6 ||     6
 Fire: Hunting sling     |    80 |   124 ||   204
Invok: Bend Space        |       |     2 ||     2
  Use: Scroll            |     3 |     8 ||    11
       Potion            |     1 |     1 ||     2
  Eat: Ration            |     1 |     1 ||     2
Armor: Leather armour    |    12 |    19 ||    31
Dodge: Dodged            |    40 |    45 ||    85
       Rpst.: Long sword |       |     4 ||     4
